 Dungeon Crawl Stone Soup version 0.24-a0-284-g9fb9971 (webtiles) character file.

Game seed: 13195333675118659383

15662 MackTheKnife the Severer (level 12, -5/159 HPs)
             Began as a Minotaur Berserker on May 5, 2019.
             Was a High Priest of Trog.
             Slain by an orc warrior
             ... wielding a +0 trident
             ... led by an orc warlord
              (22 damage)
             ... on level 1 of the Orcish Mines.
             The game lasted 00:14:40 (9288 turns).

MackTheKnife the Severer (Minotaur Berserker)       Turns: 9288, Time: 00:14:41

Health: -5/159     AC: 12    Str: 33    XL:     12   Next: 3%
Magic:  11/11      EV: 12    Int:  4    God:    Trog [*****.]
Gold:   550        SH:  4    Dex: 11    Spells: 11/11 levels left

rFire    . . .     SeeInvis .   y - +3 battleaxe
rCold    . . .     Gourm    .   (shield currently unavailable)
rNeg     . . .     Faith    .   J - +4 ring mail {MR+}
rPois    .         Spirit   .   E - +0 hat
rElec    .         Reflect  +   q - +0 cloak
rCorr    .         Harm     .   (no gloves)
MR       ++++.                  (no boots)
Stlth    ..........             s - +4 amulet of reflection
HPRegen  1.36/turn              G - ring of flight {+Fly, !d}
MPRegen  0.12/turn              o - ring of protection from magic {MR+, !d}

@: berserking (expiring), regenerating, very quick
A: retaliatory headbutt, horns 2, mutation resistance 1, strong 1, subdued magic
1
a: Berserk, Trog's Hand, Brothers in Arms, Renounce Religion, Evoke Flight


You were on level 1 of the Orcish Mines.
You worshipped Trog.
Trog was extremely pleased with you.
You were hungry.

You visited 2 branches of the dungeon, and saw 13 of its levels.

You collected 647 gold pieces.
You spent 97 gold pieces at shops.

Inventory:

Hand Weapons
 y - a +3 battleaxe (weapon)
   (You took it off a wight on level 7 of the Dungeon)
Missiles
 j - 3 throwing nets {=f, !d}
Armour
 q - a +0 cloak (worn)
   (You took it off Crazy Yiuf on level 2 of the Dungeon)
 z - +2 gold dragon scales
   (You found it on level 7 of the Dungeon)
 E - a +0 hat (worn)
   (You took it off Gastronok on level 8 of the Dungeon)
 J - a +4 ring mail of magic resistance (worn)
   (You took it off Joseph on level 9 of the Dungeon)
Jewellery
 o - a ring of protection from magic (right hand) {MR+, !d}
   (You found it on level 2 of the Dungeon)
 p - an uncursed ring of fire {rF+, rC-}
   (You found it on level 5 of the Dungeon)
 s - a +4 amulet of reflection (around neck)
   (You found it on level 3 of the Dungeon)
 x - an uncursed ring of resist corrosion
   (You found it on level 7 of the Dungeon)
 G - a ring of flight (left hand) {+Fly, !d}
   (You found it on level 9 of the Dungeon)
Wands
 h - a wand of digging (3)
   (You took it off Urug on level 12 of the Dungeon)
Scrolls
 i - 5 scrolls of immolation {!r}
 r - 4 scrolls of remove curse
 w - a scroll of fear
 H - 2 scrolls of identify
 K - a scroll of torment {unknown}
Potions
 a - a potion of experience {unknown}
 b - 3 potions of mutation {!q}
 d - 3 potions of magic
 e - 8 potions of curing {unknown}
 f - 5 potions of might
 g - 3 potions of cancellation
 k - 2 potions of brilliance
 m - 4 potions of lignification {!q}
 u - 3 potions of heal wounds {unknown}
 v - 2 potions of flight
 F - 9 potions of degeneration {!q}
 L - a potion of haste
Comestibles
 c - 17 rations


   Skills:
 - Level 9.9 Fighting
 + Level 17.7 Axes
 + Level 10.9 Armour
 - Level 2.1 Dodging


You had 11 spell levels left.
You didn't know any spells.
Your spell library was empty.

Dungeon Overview and Level Annotations

Branches:
Dungeon (12/15)            Temple (0/1) D:6            Lair (0/6) D:10
    Orc (1/2) D:10

Altars:
Makhleb
Okawaru
Ru
Trog

Shops:
D:10 *


Innate Abilities, Weirdness & Mutations

You reflexively headbutt those who attack you in melee.
You have a pair of horns on your head.
You are somewhat resistant to further mutation.
Your muscles are strong. (Str +2)
Your spells are a little easier to cast, but a little less powerful.


Message History

The orc priest invokes the aid of Beogh against you.
Beogh smites you!
You now have 111/148 hp.
You slice the orc priest!!
You kill the orc priest!
Trog accepts your kill.
You barely miss the orc. x2; The orc hits you but does no damage.
You closely miss the orc. You headbutt the orc. You slice the orc!!
You kill the orc!
Trog accepts your kill.
The orc priest casts a cantrip, but nothing happens.
The orc warrior closely misses you.
You barely miss the orc. Your headbutt misses the orc.
An orc comes into view. It is wielding a +0 trident.
An orc comes into view. It is wielding a +0 dagger.
An orc comes into view. It is wielding a +0 short sword.
The orc priest mumbles some strange prayers to Beogh against you.
Beogh smites you! The orc closely misses you.
The orc shouts!
You take 8 damage, and have 104/148 hp.
Your ring mail prevents you from hitting the orc.
The orc shouts!
You slash the orc sorcerer! You slash the orc!
You kill the orc!
Trog accepts your kill.
You closely miss the orc sorcerer.
The orc warrior hits you from afar with a +0 trident!!
The orc sorcerer closely misses you.
An orc warrior comes into view. It is wielding a +0 short sword.
You take 23 damage, and have 82/148 hp.
You are too injured to fight recklessly!
You are too injured to fight recklessly!
You are too injured to fight recklessly!
You are too injured to fight recklessly!
You hit the orc sorcerer. You slice the orc!!
You kill the orc!
Trog accepts your kill.
You slash the orc!
You kill the orc!
Trog accepts your kill.
The orc priest calls down the wrath of Beogh upon you.
Beogh smites you!
An orc priest comes into view.
It is wielding a +0 hand axe of chopping.
You take 7 damage, and have 75/148 hp.
You chop the orc sorcerer into pieces!!!
You kill the orc sorcerer!
Trog accepts your kill.
Trog appreciates your killing of a magic user.
You have reached level 12!
Your experience leads to an increase in your attributes!
Your base attributes are Str 24, Int 4, Dex 11.
Increase (S)trength, (I)ntelligence, or (D)exterity?
You feel stronger. x2
You slice the orc!!
You kill the orc!
Trog accepts your kill.
You closely miss the orc warrior. You block the orc warrior's attack.
An orc comes into view. It is wielding a +0 flail.
You regained 6 hp, and now have 81/159 hp.
MP restored: 11 You slash the orc warrior!
The orc warrior misses you. You furiously retaliate!
You headbutt the orc warrior! You slice the orc warrior!!
You kill the orc warrior!
Trog accepts your kill.
Trog will now gift you weapons as you gain piety.
You slash the orc warrior! You slash the orc priest!
The orc warrior hits you from afar with a +0 trident!
You take 14 damage, and have 68/159 hp.
You slash the orc warrior!
You kill the orc warrior!
Trog accepts your kill.
You closely miss the orc priest. You slice the orc priest!!
You kill the orc priest!
Trog accepts your kill.
You barely miss the orc priest.
The orc priest calls down the wrath of Beogh upon you.
Beogh smites you! You block the orc priest's attack.
You hear a shout!
You take 14 damage, and have 54/159 hp.
The orc warrior hits you with a +0 trident.
The orc priest invokes the aid of Beogh against you.
Beogh smites you!
* * * LOW HITPOINT WARNING * * *
The orc wizard casts a spell at you. The puff of flame hits you!
* * * LOW HITPOINT WARNING * * *
The orc warlord roars a battlecry!
The orcs go into a battle-frenzy!
The orc priest mumbles some strange prayers to Beogh against you.
Beogh smites you!
* * * LOW HITPOINT WARNING * * *
Items here: )))) [ †† You take 38 damage, and have 16/159 hp.
MASSIVE DAMAGE!!
You feel a strong urge to attack something.
You block the orc priest's attack.
The orc warrior hits you from afar with a +0 trident!!
You die...

..........#....
................
.........#......
................
........o.......
.......ooo......
.......oo.o..o..
.......oo)......
........@o[..o...
..$......$.......
................
##..............
#..........$...
##......#......
#.....#.#...##
##.#..........
#<....#.......


You could see an orc warlord, 2 orc warriors, 4 orc priests, an orc wizard and 4
orcs.

Vanquished Creatures
  Gastronok (D:8)
  2 two-headed ogres
  Urug (D:12)
  An unseen horror (D:7)
  An ugly thing (D:12)
  An orc sorcerer (Orc:1)
  3 manticores
  A deep elf mage (D:12)
  Joseph (D:9)
  2 centaur zombies (D:10)
  A troll (Orc:1)
  Grinder (D:3)
  2 hornets
  Sigmund (D:4)
  A wyvern (D:9)
  A shadow (D:11)
  2 basilisks
  7 yaks
  A hungry ghost (D:8)
  A steam dragon (D:7)
  A warg (Orc:1)
  A water moccasin (D:10)
  2 soldier ants (D:9)
  3 porcupines (D:10)
  A swamp drake (D:10)
  5 orc warriors
  A sky beast (D:11)
  2 ice beasts
  6 ogres
  3 crocodiles (D:10)
  3 bullfrogs
  A wyvern zombie (D:8)
  A gnoll sergeant (D:4)
  3 scorpions
  11 wights
  3 howler monkeys (D:9)
  4 crimson imps
  2 gnoll shamans
  2 bullfrog skeletons
  Crazy Yiuf (D:2)
  6 orc priests
  3 bullfrog zombies
  7 hounds
  5 jellies
  3 orc wizards
  2 centaur skeletons
  3 iguanas
  9 worker ants
  A hound zombie (D:8)
  A howler monkey skeleton (D:5)
  A worker ant zombie (D:11)
  Robin (D:2)
  19 gnolls
  10 adders
  A shadow imp (D:8)
  2 oozes
  2 adder skeletons
  A worm (D:9)
  4 dart slugs
  6 leopard geckos
  39 orcs
  A giant cockroach (D:3)
  20 goblins
  9 hobgoblins
  7 jackals
  7 quokkas
  A ball python (D:2)
  8 bats
  7 frilled lizards
  7 kobolds
  2 leopard gecko zombies
  6 rats
289 creatures vanquished.

Vanquished Creatures (collateral kills)
  A hydra (D:10)
  A freezing wraith (D:10)
  A fire bat (shapeshifter) (D:10)
  4 centaurs
  An adder (D:10)
8 creatures vanquished.

Vanquished Creatures (others)
  A fungus (D:10)
1 creature vanquished.

Grand Total: 298 creatures vanquished

Notes
Turn   | Place    | Note
-------+----------+-------------------------------------------
     0 | D:1      | MackTheKnife the Minotaur Berserker began the quest for the
                  | Orb.
     0 | D:1      | Reached XP level 1. HP: 19/19 MP: 0/0
    36 | D:1      | Reached skill level 4 in Axes
    36 | D:1      | Reached XP level 2. HP: 23/26 MP: 1/1
   274 | D:1      | Reached skill level 5 in Axes
   304 | D:1      | Reached XP level 3. HP: 28/31 MP: 2/2
   681 | D:1      | Reached ** piety under Trog
   833 | D:2      | Noticed Robin
   852 | D:2      | Killed Robin
  1094 | D:2      | Reached XP level 4. HP: 39/39 MP: 3/3
  1117 | D:2      | Reached skill level 6 in Axes
  1581 | D:2      | Found a runed translucent door.
  1582 | D:2      | Noticed Crazy Yiuf
  1590 | D:2      | Killed Crazy Yiuf
  1590 | D:2      | Reached skill level 7 in Axes
  1590 | D:2      | Reached XP level 5. HP: 45/45 MP: 4/4
  1779 | D:3      | Found a sacrificial altar of Ru.
  1813 | D:3      | HP: 10/46 [cloud of flame (23)]
  1848 | D:3      | HP: 15/69 [orc/+0 whip (4)]
  1871 | D:3      | Reached *** piety under Trog
  2129 | D:3      | Reached skill level 4 in Fighting
  2302 | D:3      | Noticed Grinder
  2323 | D:3      | Killed Grinder
  2323 | D:3      | Reached skill level 5 in Fighting
  2323 | D:3      | Reached skill level 8 in Axes
  2323 | D:3      | Reached XP level 6. HP: 51/56 MP: 5/5
  2727 | D:4      | Reached XP level 7. HP: 52/62 MP: 6/6
  2800 | D:4      | Noticed Sigmund
  2813 | D:4      | Killed Sigmund
  2813 | D:4      | Reached skill level 6 in Fighting
  3076 | D:4      | Reached skill level 9 in Axes
  3197 | D:5      | Entered Level 5 of the Dungeon
  3208 | D:5      | Reached skill level 7 in Fighting
  3401 | D:5      | Got a smoking hunting sling
  3516 | D:5      | Reached XP level 8. HP: 73/73 MP: 7/7
  3517 | D:5      | Found a burning altar of Makhleb.
  3639 | D:5      | Identified the +12 hunting sling of Toahuph {velocity, +Fly
                  | rF+} (You found it on level 5 of the Dungeon)
  3807 | D:5      | Found a bloodstained altar of Trog.
  3984 | D:5      | Reached **** piety under Trog
  4392 | D:6      | Reached skill level 8 in Fighting
  4392 | D:6      | Reached skill level 10 in Axes
  4493 | D:6      | Found a staircase to the Ecumenical Temple.
  4906 | D:7      | Reached skill level 9 in Fighting
  4956 | D:7      | Reached skill level 11 in Axes
  5052 | D:7      | Reached XP level 9. HP: 85/85 MP: 8/8
  5646 | D:7      | Killed an unseen horror
  5646 | D:7      | Reached skill level 12 in Axes
  5677 | D:7      | Received a gift from Trog
  5771 | D:8      | Found an iron altar of Okawaru.
  5782 | D:8      | Noticed Gastronok
  5796 | D:8      | Killed Gastronok
  5796 | D:8      | Reached skill level 14 in Axes
  5796 | D:8      | Reached XP level 10. HP: 93/93 MP: 9/9
  5908 | D:8      | Gained mutation: Your muscles are strong. (Str +2) [potion
                  | of mutation]
  5908 | D:8      | Gained mutation: Your spells are a little easier to cast,
                  | but a little less powerful. [potion of mutation]
  5908 | D:8      | Gained mutation: You are somewhat resistant to further
                  | mutation. [potion of mutation]
  6101 | D:8      | Reached skill level 15 in Axes
  6377 | D:9      | Reached skill level 3 in Armour
  6595 | D:9      | Noticed a two-headed ogre
  6601 | D:9      | Killed a two-headed ogre
  6601 | D:9      | Reached skill level 5 in Armour
  6965 | D:9      | Reached ***** piety under Trog
  7009 | D:9      | Noticed Joseph
  7018 | D:9      | Killed Joseph
  7018 | D:9      | Reached skill level 6 in Armour
  7249 | D:10     | Entered Level 10 of the Dungeon
  7265 | D:10     | Reached skill level 16 in Axes
  7307 | D:10     | Noticed a spiny frog
  7316 | D:10     | Noticed a manticore
  7328 | D:10     | Noticed a two-headed ogre
  7337 | D:10     | Killed a two-headed ogre
  7337 | D:10     | Reached skill level 7 in Armour
  7337 | D:10     | Reached XP level 11. HP: 95/99 MP: 10/10
  7383 | D:10     | Found Fudodoa's General Store.
  7392 | D:10     | Bought a scroll of enchant armour for 97 gold pieces
  7398 | D:10     | You fall through a shaft for 2 floors!
  7398 | D:12     | Noticed Urug
  7403 | D:12     | Killed Urug
  7408 | D:12     | Reached skill level 8 in Armour
  7586 | D:12     | Noticed a deep elf mage
  7586 | D:12     | Noticed a two-headed ogre
  7599 | D:12     | Killed a deep elf mage
  7602 | D:12     | Noticed a purple ugly thing
  7607 | D:12     | Killed a purple ugly thing
  8018 | D:11     | Reached skill level 9 in Armour
  8375 | D:11     | Reached skill level 17 in Axes
  8454 | D:10     | Noticed a four-headed hydra
  8466 | D:10     | Killed a five-headed hydra
  8725 | D:10     | Reached skill level 10 in Armour
  8755 | D:10     | Found a staircase to the Lair.
  9112 | D:10     | Found a staircase to the Orcish Mines.
  9231 | Orc:1    | Entered Level 1 of the Orcish Mines
  9271 | Orc:1    | Noticed an orc sorcerer
  9275 | Orc:1    | Noticed an orc warlord
  9283 | Orc:1    | Killed an orc sorcerer
  9283 | Orc:1    | Reached XP level 12. HP: 81/106 MP: 11/11
  9287 | Orc:1    | HP: 29/159 [orc wizard/puff of flame[an orc warlord] (11)]
  9288 | Orc:1    | Slain by an orc warrior

Levels and vault maps discovered:
D:1:      dpeg_arrival_shelter, layout_basic, serial_curves, eino_curves_02,
          eino_curves_01, hangedman_feature_mirror
D:2:      layout_basic, uniq_crazy_yiuf_cottage, uniq_robin
D:3:      layout_basic, nicolae_ru_path_of_blood, uniq_grinder
D:4:      layout_gridville, first_ration, lightli_minifort, uniq_sigmund
D:5:      layout_gridville, lightli_temple_of_fire, makhleb_heckhound_becter
D:6:      layout_basic, minmay_temple_entry_butterflies
D:7:      layout_basic
D:8:      layout_loops_cross, basic_altar, uniq_gastronok
D:9:      layout_gridville, hangedman_pestilent_swarm, uniq_joseph
D:10:     layout_roguey, minmay_lair_entry_grove, erik_orc_1, serial_shops,
          nicolae_shop_trees, grunt_ministairs_1, small_statue_intersection,
          minmay_fractal_squares_gapless_7
D:11:     layout_cave_pods
D:12:     layout_basic, gammafunk_ghost_fury_of_okawaru, lemuel_nasty_fountain,
          uniq_urug
Orc:1:    layout_caves

Skill      XL: |  1  2  3  4  5  6  7  8  9 10 11 |
---------------+----------------------------------+-----
Axes           | 4 5 7 8 9 11 14 16 17 | 17.7
Fighting       | 5 7 9 |  9.9
Armour         | 7 10 | 10.9
Dodging        | |  2.1

Action                   |  1- 3 |  4- 6 |  7- 9 | 10-12 || total
-------------------------+-------+-------+-------+-------++-------
Melee: Hand axe          |    61 |   126 |    53 |       ||   240
       Headbutt          |     9 |    18 |    42 |    57 ||   126
       War axe           |       |       |   100 |       ||   100
       Battleaxe         |       |       |    31 |   270 ||   301
Throw: Stone             |       |       |     9 |       ||     9
Invok: Berserk           |     2 |     3 |     7 |     6 ||    18
       Trog's Hand       |       |     1 |       |     3 ||     4
       Brothers in Arms  |       |       |       |     3 ||     3
  Use: Scroll            |       |     9 |     4 |     9 ||    22
       Potion            |       |       |       |     1 ||     1
  Eat: Ration            |     1 |     1 |     2 |     4 ||     8
       Chunk             |       |     3 |     8 |     7 ||    18
Armor: Animal skin       |    11 |     2 |       |       ||    13
       Ring mail         |       |    21 |    44 |    71 ||   136
       Gold dragon scale |       |       |       |    33 ||    33
Dodge: Dodged            |    36 |    76 |    65 |    94 ||   271
Block: Other             |       |    11 |    28 |    49 ||    88
       Reflection        |       |       |       |     4 ||     4

Table legend:
 A = Non-vault XP
 B = Vault XP
 C = Vault XP percentage of total XP
 D = Non-vault monster count
 E = Vault monster count
 F = Vault count percentage of total count
                 A         B        C        D         E       F
            +---------+---------+-------+---------+---------+-------
      Total |   13683 |    8692 |  38.8 |     224 |      73 |  24.6
            +---------+---------+-------+---------+---------+-------
        D:1 |      48 |      11 |  18.6 |      19 |       6 |  24.0
        D:2 |      80 |      77 |  49.0 |      20 |      14 |  41.2
        D:3 |      75 |     295 |  79.7 |      21 |       1 |   4.5
        D:4 |     173 |     386 |  69.1 |      10 |       7 |  41.2
        D:5 |     412 |      43 |   9.5 |      21 |       1 |   4.5
        D:6 |     614 |       0 |   0.0 |      15 |       0 |   0.0
        D:7 |    1935 |       0 |   0.0 |      24 |       0 |   0.0
        D:8 |     691 |    2193 |  76.0 |      24 |       1 |   4.0
        D:9 |    1853 |    1078 |  36.8 |      24 |       5 |  17.2
       D:10 |    2154 |    3782 |  63.7 |      14 |      37 |  72.5
       D:11 |    2197 |       0 |   0.0 |      11 |       0 |   0.0
       D:12 |    1941 |     827 |  29.9 |       8 |       1 |  11.1
      Orc:1 |    1510 |       0 |   0.0 |      13 |       0 |   0.0
            +---------+---------+-------+---------+---------+-------

Levels and vault maps discovered:
D:1:      dpeg_arrival_shelter, layout_basic, serial_curves, eino_curves_02,
          eino_curves_01, hangedman_feature_mirror
D:2:      layout_basic, uniq_crazy_yiuf_cottage, uniq_robin
D:3:      layout_basic, nicolae_ru_path_of_blood, uniq_grinder
D:4:      layout_gridville, first_ration, lightli_minifort, uniq_sigmund
D:5:      layout_gridville, lightli_temple_of_fire, makhleb_heckhound_becter
D:6:      layout_basic, minmay_temple_entry_butterflies
D:7:      layout_basic
D:8:      layout_loops_cross, basic_altar, uniq_gastronok
D:9:      layout_gridville, hangedman_pestilent_swarm, uniq_joseph
D:10:     layout_roguey, minmay_lair_entry_grove, erik_orc_1, serial_shops,
          nicolae_shop_trees, grunt_ministairs_1, small_statue_intersection,
          minmay_fractal_squares_gapless_7
D:11:     layout_cave_pods
D:12:     layout_basic, gammafunk_ghost_fury_of_okawaru, lemuel_nasty_fountain,
          uniq_urug
Orc:1:    layout_caves

Table legend:
 A = Turns spent in this place as a percentage of turns spent in the entire game.
 B = Non-inter-level travel turns spent in this place as a percentage of non-inter-level travel turns spent in the entire game.
 C = Inter-level travel turns spent in this place as a percentage of turns spent in this place.
 D = Turns resting spent in this place as a percentage of non-inter-level travel turns spent in this place.
 E = Turns spent auto-exploring this place as a percentage of non-inter-level travel turns spent in this place.
 F = Non-inter-level travel turns spent in this place divided by the number of levels of this place that you've seen.
                   A       B       C       D       E      F
               +-------+-------+-------+-------+-------+----------------------
         Total | 100.0 | 100.0 |   4.3 |  22.3 |  58.9 | 684.0
       Dungeon |  99.4 |  99.4 |   4.3 |  22.2 |  59.2 | 736.2
  Orcish Mines |   0.6 |   0.6 |   0.0 |  38.6 |  10.5 |  57.0
               +-------+-------+-------+-------+-------+----------------------

Table legend:
 A = Kills in this place as a percentage of kills in entire the game.
 B = Kills by you in this place as a percentage of kills by you in the entire game.
 C = Kills by friends in this place as a percentage of kills by friends in the entire game.
 D = Other kills in this place as a percentage of other kills in the entire game.
 E = Experience gained in this place as a percentage of experience gained in the entire game.
 F = Experience gained in this place divided by the number of levels of this place that you have seen.
                   A       B       C       D       E      F
               +-------+-------+-------+-------+-------+----------------------
         Total | 100.0 | 100.0 | 100.0 |   N/A | 100.0 | 1721.2
       Dungeon |  95.6 |  95.5 | 100.0 |   N/A |  93.3 | 1738.8
  Orcish Mines |   4.4 |   4.5 |   0.0 |   N/A |   6.7 | 1510.0
               +-------+-------+-------+-------+-------+----------------------
